 Dungeon Crawl Stone Soup version 0.29.1-12-g30fa7ad0bf (webtiles) character file.

Game seed: 10537007408439020071

2 Rrauwl the Chopper (level 1, -2/20 HPs)
             Began as a Hill Orc Berserker on Dec 21, 2022.
             Was a Follower of Trog.
             Slain by a gnoll
             ... wielding a +0 club
              (4 damage)
             ... on level 1 of the Dungeon.
             The game lasted 00:00:43 (200 turns).

Rrauwl the Chopper (Hill Orc Berserker)              Turns: 200, Time: 00:00:44

Health: -2/20      AC:  2    Str: 19    XL:     1   Next: 30%
Magic:  1/1        EV: 12    Int:  7    God:    Trog [*.....]
Gold:   8          SH:  0    Dex: 10    Spells: 0/0 levels left

rFire   . . .      SeeInvis .   a - +0 hand axe
rCold   . . .      Faith    .   (no shield)
rNeg    . . .      Spirit   .   b - +0 animal skin
rPois   .          Reflect  .   (no helmet)
rElec   .          Harm     .   (no cloak)
rCorr   .          Rampage  .   (no gloves)
Will    .....                   (no boots)
Stlth   +.........              (no amulet)
HPRegen 0.06/turn               (no ring)
MPRegen 0.07/turn               (no ring)

@: no status effects
A: no striking features
a: Renounce Religion, Berserk


You were on level 1 of the Dungeon.
You worshipped Trog.
Trog was aware of your devotion.
You visited 1 branch of the dungeon, and saw 1 of its levels.

You collected 8 gold pieces.

Inventory:

Hand Weapons
 a - a +0 hand axe (weapon)
Missiles
 d - 3 poisoned darts (quivered)
Armour
 b - a +0 animal skin (worn)
Scrolls
 c - a scroll of magic mapping {unknown}


   Skills:
 + Level 3.6 Fighting
 + Level 4.0 Axes
 + Level 2.2 Armour
 + Level 1.6 Dodging


You couldn't memorise any spells.
You didn't know any spells.
Your spell library was empty.

Dungeon Overview and Level Annotations

Branches:
Dungeon (1/15)

Altars:


Message History

You barely miss the hobgoblin. The hobgoblin hits you.
The goblin closely misses you.
A dart slug comes into view.
The quokka closely misses you.
You miss the goblin.
The goblin is severely wounded.
You closely miss the quokka. You closely miss the hobgoblin.
The hobgoblin barely misses you. The goblin barely misses you.
The quokka closely misses you.
You barely miss the goblin.
The goblin is severely wounded.
You barely miss the hobgoblin. You completely miss the quokka.
The quokka bites you. The hobgoblin completely misses you.
The goblin hits you with a +0 club.
You hit the goblin.
You kill the goblin!
Trog accepts your kill.
You hit the quokka. You hit the hobgoblin but do no damage.
The quokka bites you. The hobgoblin misses you. The quokka bites you.
You are too injured to fight recklessly!
You are too injured to fight recklessly!
Unknown command.
A bat comes into view.
The kobold attacks as you move away!
The kobold hits you with a +0 short sword.
* * * LOW HITPOINT WARNING * * *
The quokka attacks as you move away!
The quokka bites you but does no damage.
A gnoll comes into view. It is wielding a +0 club.
The gnoll shouts!
You hear a shout!
A kobold and a hobgoblin come into view.
The kobold shouts!
The hobgoblin shouts!
The gnoll hits you with a +0 club.
* * * LOW HITPOINT WARNING * * *
The gnoll attacks as you move away! The gnoll hits you with a +0 club.
* * * LOW HITPOINT WARNING * * *
The gnoll attacks as you move away! The gnoll misses you.
The gnoll attacks as you move away! The gnoll closely misses you.
The gnoll attacks as you move away! The gnoll hits you with a +0 club.
You die...

#....#~PP~..# ...#
#....#~PP~≈.### ...
##...#~~PP~.#.# #..# #
##..#.~~P~P'.# ...#
#...#..#<.~P~.#.# ^.#
.......'..~~~.#.#######..# .
......##...~≈~#.....g....#....
...[..##♣.<.~≈#..##.J..g.wb...
......# ♣....~#.@##r###.J..#..
...... ♣>...~#.g.#l# #......
.....# ♣♣...~#..K#.##....b...
..... ♣♣..≈#.#....J...##...
#+##g.KlJ....... ..
#.#.....#.... . #......## ...
#.....## .. #...... .


You could see a gnoll, an endoplasm, a hobgoblin, 2 kobolds and a frilled
lizard.

Vanquished Creatures
  A quokka (D:1)
  A goblin (D:1)
2 creatures vanquished.

Notes
Turn   | Place    | Note
-------+----------+-------------------------------------------
     0 | D:1      | Rrauwl the Hill Orc Berserker began the quest for the Orb.
     0 | D:1      | Reached XP level 1. HP: 19/19 MP: 1/1
   200 | D:1      | Slain by a gnoll

Illustrated notes

Levels and vault maps discovered:
D:1:      tarquinn_simple_flora_water_c, layout_rooms, minmay_unequal

Action                   || total
-------------------------++-------
Melee: Hand axe          ||     8
Armor: Animal skin       ||     1
Dodge: Dodged            ||    12
